 Dungeon Crawl Stone Soup version 0.22-a0-247-gbddf880 (webtiles) character file.

147 tsouns the Ducker (level 5, 0/36 HPs)
             Began as an Octopode Fighter on Feb 27, 2018.
             Slain by a hippogriff (6 damage)
             ... on level 3 of the Dungeon.
             The game lasted 00:04:01 (2283 turns).

tsouns the Ducker (Octopode Fighter)                Turns: 2283, Time: 00:04:01

Health: 0/36       AC:  1    Str: 16    XL:     5   Next: 29%
Magic:  5/5        EV: 12    Int: 11    God:
Gold:   199        SH:  9    Dex: 11    Spells: 4/4 levels left

rFire    . . .     SeeInvis .   a - +0 trident
rCold    . . .     Gourm    .   b - +0 shield
rNeg     . . .     Faith    .   (helmet restricted)
rPois    .         Spirit   .   (no amulet)
rElec    .         Reflect  .   j - ring of loudness (curse)
rCorr    .         Harm     .   (no ring)
MR       .....                  (no ring)
Stlth    +.........             (no ring)
HPRegen  0.12/turn              (no ring)
MPRegen  0.09/turn              (no ring)
                                (no ring)
                                (no ring)

@: no status effects
A: almost no armour, stealthy swim, amphibious, 8 rings, constrict 8, camouflage
1, gelatinous body 1
a: no special abilities


You were on level 3 of the Dungeon.
You were not hungry.

You visited 1 branch of the dungeon, and saw 3 of its levels.

You collected 199 gold pieces.

Inventory:

Hand Weapons
 a - a +0 trident (weapon)
 i - a +2 hunting sling of velocity
Missiles
 e - 109 stones (quivered)
Armour
 b - a +0 shield (worn)
Jewellery
 j - a cursed ring of loudness (left tentacle)
Scrolls
 h - a scroll of teleportation
Potions
 c - 2 potions of might
 f - a potion of haste
 k - a potion of agility
 l - a potion of resistance
 m - 2 potions of degeneration {unknown}
Comestibles
 d - 4 rations
 g - 5 chunks of flesh


   Skills:
 + Level 3.5 Fighting
 + Level 3.1 Polearms
 + Level 4.1 Dodging
 + Level 1.1 Stealth
 + Level 3.7 Shields


You had 4 spell levels left.
You didn't know any spells.

Dungeon Overview and Level Annotations

Branches:
Dungeon (3/15)

Altars:


Innate Abilities, Weirdness & Mutations

You cannot wear most types of armour.
You are very stealthy in the water. (Stealth+)
You are amphibious.
You can wear up to eight rings at the same time.
You can use your tentacles to constrict eight enemies at once.
Your skin changes colour to match your surroundings (Stealth+).
Your rubbery body absorbs attacks. (AC +1, EV +1)


Message History

You are too injured to fight recklessly!
You are too injured to fight recklessly!
You are too injured to fight recklessly!
You are too injured to fight recklessly!
You are too injured to fight recklessly!
You are too injured to fight recklessly!
You are too injured to fight recklessly!
You hit the hippogriff but do no damage.
You squeeze the hippogriff, but do no damage.
The hippogriff is severely wounded.
The hippogriff bites you!
* * * LOW HITPOINT WARNING * * *
The hippogriff barely misses you.
The hippogriff claws you but does no damage.
Okay, then.
You hit the hippogriff but do no damage.
You squeeze the hippogriff.
The hippogriff is almost dead.
The hippogriff bites you.
You die...

######## #......#
#......# #......#
########......##########
......H@................
#######..###...###......
#..## #...#........ #.##
#.....#...... #.
##............ #.
###.....>....... ..
#............... .#
#.......#.#####.
#........#.......


You could see a hippogriff.

Vanquished Creatures
  An orc priest (D:2)
  An orc wizard (D:3)
  2 adders
  A shadow imp (D:3)
  An ooze (D:3)
  A worm (D:2)
  A dart slug (D:1)
  5 leopard geckos
  3 orcs (D:3)
  6 bats
  4 giant cockroaches
  3 hobgoblins
  4 jackals (D:3)
  2 quokkas (D:2)
  2 frilled lizards (D:1)
  3 goblins
  6 kobolds
  3 rats (D:2)
49 creatures vanquished.

Notes
Turn   | Place    | Note
-------+----------+-------------------------------------------
     0 | D:1      | tsouns the Octopode Fighter began the quest for the Orb.
     0 | D:1      | Reached XP level 1. HP: 16/16 MP: 1/1
    63 | D:1      | Reached XP level 2. HP: 14/21 MP: 2/2
  1047 | D:2      | Reached XP level 3. HP: 26/26 MP: 3/3
  1893 | D:3      | Reached XP level 4. HP: 30/31 MP: 4/4
  2105 | D:3      | Reached skill level 4 in Dodging
  2149 | D:3      | Reached skill level 1 in Stealth
  2149 | D:3      | Reached XP level 5. HP: 36/36 MP: 5/5
  2273 | D:3      | Noticed a hippogriff
  2283 | D:3      | Slain by a hippogriff

Vault maps used:
D:1:      sevenhm_arrival_forest_fort_large_4, minivault_4
D:3:      first_ration

Skill      XL: |  1  2  3  4 |
---------------+-------------+-----
Dodging        | 4 |  4.1
Polearms       | 3 |  3.1
Stealth        | 1 |  1.1
Fighting       | |  3.5
Shields        | |  3.7

Action                   |  1- 3 |  4- 6 || total
-------------------------+-------+-------++-------
Melee: Trident           |    73 |    45 ||   118
       Constrict         |    16 |     6 ||    22
       Tentacles         |    10 |     9 ||    19
  Use: Scroll            |    10 |     1 ||    11
 Stab: Sleeping          |     1 |     1 ||     2
  Eat: Chunk             |     3 |     1 ||     4
Armor: Skin              |     9 |     4 ||    13
Dodge: Dodged            |    32 |    21 ||    53
Block: Shield            |    19 |    13 ||    32

Table legend:
 A = Spawn XP
 B = Non-spawn XP
 C = Spawn XP percentage of total XP
 D = Spawn monster count
 E = Non-spawn monster count
 F = Spawn count percentage of total count
 G = Total turns spent on level
                    A         B        C        D         E        F      G
               +---------+---------+-------+---------+---------+-------+---------
         Total |       0 |     211 |   0.0 |       0 |      49 |   0.0 |  2283
               +---------+---------+-------+---------+---------+-------+---------
           D:1 |       0 |      26 |   0.0 |       0 |      13 |   0.0 |   894
           D:2 |       0 |      84 |   0.0 |       0 |      18 |   0.0 |  1115
           D:3 |       0 |     101 |   0.0 |       0 |      18 |   0.0 |   274
               +---------+---------+-------+---------+---------+-------+---------
